 Dungeon Crawl Stone Soup version 0.24.0-13-gcf9b3192b9 (console) character file.

Game seed: 5449620304185004325, levelgen mode: deterministic

235 Kagalorn the Firebug (level 5, -8/41 HPs)
             Began as a Draconian Fire Elementalist on Nov 9, 2019.
             Mangled by Sigmund
             ... wielding a +0 scythe
              (10 damage)
             ... on level 4 of the Dungeon.
             The game lasted 00:16:29 (3722 turns).

Kagalorn the Firebug (Draconian Fire Elementalist)  Turns: 3722, Time: 00:16:30

Health: -8/41      AC:  5    Str: 11    XL:     5   Next: 76%
Magic:  5/10       EV: 12    Int: 16    God:
Gold:   105        SH:  0    Dex: 11    Spells: 7/11 levels left

rFire    . . .     SeeInvis .   e - +0 dagger
rCold    . . .     Gourm    .   (no shield)
rNeg     . . .     Faith    .   (armour unavailable)
rPois    .         Spirit   .   (helmet restricted)
rElec    .         Reflect  .   (no cloak)
rCorr    .         Harm     .   (no gloves)
MR       .....                  (no boots)
Stlth    ++........             (no amulet)
HPRegen  0.13/turn              (no ring)
MPRegen  0.12/turn              (no ring)

@: no status effects
A: unfitting armour, cold-blooded, AC +5
a: no special abilities


You were on level 4 of the Dungeon.
You were not hungry.

You visited 1 branch of the dungeon, and saw 4 of its levels.

You collected 105 gold pieces.

Inventory:

Hand Weapons
 e - a +0 dagger (weapon)
 v - a +3 halberd
 w - a +4 quarterstaff of chaos
 y - a +2 mace of venom
Missiles
 d - a throwing net
 h - 86 sling bullets
 m - 23 bolts
 o - 32 stones (quivered)
Armour
 j - a +0 large shield
 x - a +0 cloak
Jewellery
 c - an uncursed ring of ice
Scrolls
 a - a scroll of blinking {unknown}
 f - a scroll of random uselessness {unknown}
 g - 3 scrolls of identify {unknown}
 i - 2 scrolls of noise {unknown}
 k - a scroll of magic mapping {unknown}
 l - a scroll of enchant weapon {unknown}
 n - 3 scrolls of amnesia {unknown}
 p - a scroll of immolation {unknown}
 r - a scroll of enchant armour {unknown}
 s - a scroll of teleportation {unknown}
 t - 2 scrolls of remove curse {unknown}
 u - a scroll of fog {unknown}
Potions
 q - a potion of haste {unknown}
Comestibles
 b - 6 rations


   Skills:
 * Level 1.8 Fighting
 - Level 2.0 Dodging
 - Level 2.0 Stealth
 * Level 3.7 Spellcasting
 * Level 2.9 Conjurations
 - Level 4.0 Fire Magic


You had 7 spell levels left.
You knew the following spells:

 Your Spells              Type           Power        Failure   Level  Hunger
a - Flame Tongue          Conj/Fire      ##...        4%          1    None
d - Conjure Flame         Conj/Fire      ##......     13%         3    ###....

Your spell library contained the following spells:

 Spells                   Type           Power        Failure   Level  Hunger
 Throw Flame              Conj/Fire      ##....       6%          2    ##.....
 Inner Flame              Hex/Fire       #.......     22%         3    ###....
 Sticky Flame             Conj/Fire      ##......     38%         4    ####...
 Fireball                 Conj/Fire      ##........   75%         5    ######.


Dungeon Overview and Level Annotations

Branches:
Dungeon (4/15)
 Temple: D:4-7

Altars:
Vehumet
The Shining One

Annotations:
D:4 Sigmund


Innate Abilities, Weirdness & Mutations

Your plain brown scales are hard. (AC +5)
You cannot fit into any form of body armour.
You are cold-blooded and may be slowed by cold attacks.


Message History

Sigmund gestures at you while chanting. The puff of flame hits you!
* * * LOW HITPOINT WARNING * * *
Casting: Flame Tongue (safe; 4% risk of failure)
Confirm with . or Enter, or press ? or * to list all spells.
Aiming: Flame Tongue (safe; 4% risk of failure)
Press: ? - help, Shift-Dir - straight line, f/p - Sigmund
Aim: Sigmund, wielding a +0 scythe and wearing a +2 robe of fire resistance (heavily wounded)
The flame tongue hits Sigmund.
Sigmund resists.
Sigmund is heavily wounded.
Sigmund mumbles some strange words.
Sigmund flickers and vanishes!
Deactivating autopickup; reactivate with Ctrl-A.
Press: ? - help, v - describe, . - travel A teleport trap.
Really walk into that teleport trap?
You enter a teleport trap!
The teleport trap disappears.
Your surroundings seem slightly different.
Something hits you!
You die...

#.).#####...#
#.........#
########..####..
..............$.
####..#.....#..#
####....###....#
#$...#..###.##.#
#.#?........# .
# #..@......#
#...>.....#
#.........#
#.........#
#.......[.#
#.....)...#
#...[.....#
#.........#


There were no monsters in sight!

Vanquished Creatures
  Crazy Yiuf (D:3)
  A worker ant (D:3)
  8 gnolls
  An adder (D:2)
  2 worms
  2 dart slugs
  2 leopard geckos
  3 ball pythons
  11 bats
  5 giant cockroaches
  10 goblins
  8 hobgoblins
  5 jackals
  8 kobolds
  6 quokkas
  5 frilled lizards
  9 rats
87 creatures vanquished.

Notes
Turn   | Place    | Note
-------+----------+-------------------------------------------
     0 | D:1      | Kagalorn the Draconian Fire Elementalist began the quest
                  | for the Orb.
     0 | D:1      | Reached XP level 1. HP: 14/14 MP: 3/3
   136 | D:1      | Reached XP level 2. HP: 19/22 MP: 0/5
   633 | D:1      | Reached XP level 3. HP: 27/27 MP: 2/6
   823 | D:1      | Learned a level 3 spell: Conjure Flame
  1534 | D:2      | Reached skill level 1 in Fighting
  1649 | D:2      | Found a radiant altar of Vehumet.
  1812 | D:2      | Reached XP level 4. HP: 35/35 MP: 4/7
  2521 | D:3      | Reached skill level 4 in Fire Magic
  2521 | D:3      | Reached XP level 5. HP: 17/40 MP: 1/9
  2948 | D:2      | Found a glowing golden altar of the Shining One.
  3158 | D:3      | Found a runed translucent door.
  3159 | D:3      | Noticed Crazy Yiuf
  3601 | D:3      | Killed Crazy Yiuf
  3699 | D:4      | Noticed Sigmund
  3716 | D:4      | HP: 1/41 [Sigmund/puff of flame (8)]
  3722 | D:4      | Mangled by Sigmund

Levels and vault maps discovered:
D:1:      wheals_arrival_shading, layout_rooms, minmay_misc_feat_tower
D:2:      layout_basic, nicolae_overflow_hidden_temple, first_ration,
          solitary_fountain, minmay_tetromino_l4
D:3:      layout_loops_ring, uniq_crazy_yiuf_cottage
D:4:      layout_rooms, kennysheep_mini_moat, okawaru_altar_gauntlet_db,
          vehumet_altar_wand_db, uniq_sigmund

Skill      XL: |  1  2  3  4 |
---------------+-------------+-----
Stealth        | 2 |  2.0
Dodging        | 2 |  2.0
Fighting       | 1 |  1.8
Conjurations   | 2 |  2.9
Spellcasting   | 3 |  3.7
Fire Magic     | 4 |  4.0

Action                   |  1- 3 |  4- 6 || total
-------------------------+-------+-------++-------
Melee: Unarmed           |    31 |       ||    31
       Tailslap          |     7 |     7 ||    14
       Dagger            |    65 |    62 ||   127
 Cast: Flame Tongue      |    82 |    95 ||   177
       Conjure Flame     |     1 |       ||     1
  Use: Potion            |     3 |       ||     3
 Stab: Sleeping          |     1 |     2 ||     3
  Eat: Chunk             |     1 |     5 ||     6
       Ration            |     1 |     1 ||     2
Armor: Skin              |    61 |    29 ||    90
Dodge: Dodged            |   155 |    79 ||   234
